 Dungeon Crawl Stone Soup version 0.29.1-15-g9cfb28693d (webtiles) character file.

Game seed: 16915637707000787099

327 Libra00 the Ruffian (level 6, -27/61 HPs)
             Began as a Troll Fighter on June 5, 2023.
             Annihilated by an ogre
             ... wielding a +0 giant spiked club
              (39 damage)
             ... on level 5 of the Dungeon.
             The game lasted 00:06:55 (3167 turns).

Libra00 the Ruffian (Troll Fighter)                 Turns: 3167, Time: 00:06:55

Health: -27/61     AC:  4    Str: 27    XL:     6   Next: 24%
Magic:  5/5        EV:  8    Int:  4    God:
Gold:   262        SH:  7    Dex:  9    Spells: 5/5 levels left

rFire   . . .      SeeInvis .     - Unarmed
rCold   . . .      Faith    .   b - +0 kite shield
rNeg    + . .      Spirit   .   a - +0 robe
rPois   .          Reflect  .   (helmet restricted)
rElec   .          Harm     .   (no cloak)
rCorr   .          Rampage  .   (gloves unavailable)
Will    .....                   (boots unavailable)
Stlth   +.........              (no amulet)
HPRegen 1.00/turn               k - ring of positive energy
MPRegen 0.09/turn               (no ring)

@: no status effects
A: large, unfitting armour, claws 3, regeneration 1, shaggy fur 1, tough skin 1
a: no special abilities


You were on level 5 of the Dungeon.
You visited 1 branch of the dungeon, and saw 5 of its levels.

You collected 262 gold pieces.

Inventory:

Armour
 a - a +0 robe (worn)
 b - a +0 kite shield (worn)
Jewellery
 k - a ring of positive energy (left claw)
Wands
 j - a wand of flame (25)
 t - a wand of polymorph (3)
 v - a wand of mindburst (12)
Scrolls
 d - 2 scrolls of poison {unknown}
 e - a scroll of blinking {unknown}
 g - 2 scrolls of enchant armour {unknown}
 l - a scroll of enchant weapon {unknown}
 m - a scroll of vulnerability {unknown}
 n - 4 scrolls of identify {unknown}
 q - a scroll of teleportation {unknown}
 r - a scroll of silence {unknown}
 s - 2 scrolls of immolation {unknown}
Potions
 c - 2 potions of might
 f - a potion of resistance {unknown}
 h - 3 potions of flight {unknown}
 i - a potion of haste {unknown}
 o - a potion of heal wounds {unknown}
 p - a potion of degeneration {unknown}
 u - a potion of attraction {unknown}


   Skills:
 + Level 3.5 Fighting
 - Level 2.4 Dodging
 + Level 3.9 Shields
 * Level 4.9 Unarmed Combat


You had 5 spell levels left.
You didn't know any spells.
Your spell library contained the following spells:

 Spells                   Type           Power      Damage    Failure   Level
 Blink                    Tloc           0%         N/A       89%         2
 Scorch                   Fire           0%         2d5       89%         2
 Dazzling Flash           Conj/Hex       0%         N/A       98%         3
 Flame Wave               Conj/Fire      0%         2d4       100%        4
 Iskenderun's Mystic Bla  Conj/Tloc      0%         2d3       100%        4
 Manifold Assault         Tloc           0%         N/A       100%        5
 Starburst                Conj/Fire      0%         6d3       100%        6
 Summon Cactus Giant      Summ           0%         N/A       100%        6
 Storm Form               Tmut/Air       0%         N/A       100%        7


Dungeon Overview and Level Annotations

Branches:
Dungeon (5/15)             Temple (0/1) D:5

Altars:
Nemelex Xobeh
Okawaru
Uskayaw
Xom

Shops:
D:4 *


Innate Abilities, Weirdness & Mutations

You are too large for most types of armour.
You have claws for hands.
Your natural rate of healing is unusually fast.
You are covered in fur. (AC +1)
You have tough skin. (AC +1)


Message History

Done exploring.
Done exploring.
There is an open door here.
You open the door.
There is an open door here.
There is an open door here.
There is a stone staircase leading down here.
You climb downwards.
You hear the hiss of flowing sand.
There is an entrance to an ossuary on this level.
Hurry and find it before the portal is buried!
Found 11 gold pieces.
Found a sparkling altar of Nemelex Xobeh.
There is a stone staircase leading up here.
The hound barks!
An adder comes into view.
An adder is nearby!
The adder hisses angrily.
You claw the adder!
You kill the adder!
No target in view!
No target in view!
Found a staircase to the Ecumenical Temple.
You see here an adder corpse.
An ogre comes into view. It is wielding a +0 giant spiked club.
The ogre hits you with a +0 giant spiked club!!
You barely miss the ogre. You scratch the ogre.
The ogre is lightly wounded.
The ogre hits you with a +0 giant spiked club!!
You completely miss the ogre.
The ogre is lightly wounded.
The ogre hits you with a +0 giant spiked club!
* * * LOW HITPOINT WARNING * * *
You claw the ogre!
The ogre is almost dead.
You completely miss the ogre.
The ogre is almost dead.
The ogre hits you with a +0 giant spiked club!!!
Ouch! That really hurt!
You die...

........#†..#
#...≈.+
....##...#.#
#.≈≈≈.#
..#..##.##.#
#.....# . #.....#
.# #######
.###...## .#
.........##.######
#.....#...........
#..>..###.#.#####.
#.....#O@.#.#
.........##.#
..###...## .# ..
#.... .# #..## .#
...# .# .###


You could see an ogre.

Vanquished Creatures
  A phantom (D:4)
  A hound (D:4)
  An orc priest (D:4)
  Ijyb (D:3)
  An orc wizard (D:4)
  2 gnolls (D:3)
  3 adders
  2 worms
  2 dart slugs
  8 orcs
  9 ball pythons
  4 endoplasms
  A giant cockroach (D:2)
  6 goblins
  7 hobgoblins
  10 jackals
  4 quokkas
  5 bats
  8 kobolds
  3 rats
79 creatures vanquished.

Notes
Turn   | Place    | Note
-------+----------+-------------------------------------------
     0 | D:1      | Libra00 the Troll Fighter began the quest for the Orb.
     0 | D:1      | Reached XP level 1. HP: 22/22 MP: 0/0
   109 | D:1      | Reached XP level 2. HP: 29/29 MP: 1/1
   730 | D:2      | Reached XP level 3. HP: 24/36 MP: 2/2
   730 | D:2      | Noticed a shining eye
   733 | D:2      | Found a faded altar of an unknown god.
   746 | D:2      | Noticed a floating eye
   746 | D:2      | Noticed a golden eye
   746 | D:2      | Noticed a shining eye
   993 | D:2      | Reached skill level 3 in Unarmed Combat
  1443 | D:3      | Noticed Ijyb
  1450 | D:3      | Killed Ijyb
  1551 | D:3      | Reached XP level 4. HP: 44/44 MP: 3/3
  1640 | D:3      | Found a shimmering altar of Xom.
  1724 | D:3      | Found a hide-covered altar of Uskayaw.
  2090 | D:3      | Found an iron altar of Okawaru.
  2241 | D:4      | Noticed a phantom
  2245 | D:4      | Killed a phantom
  2246 | D:4      | Reached skill level 4 in Unarmed Combat
  2246 | D:4      | Reached XP level 5. HP: 48/53 MP: 4/4
  2296 | D:4      | Found Niygid's General Store.
  2749 | D:4      | Reached XP level 6. HP: 50/61 MP: 5/5
  3132 | D:5      | Entered Level 5 of the Dungeon
  3132 | D:5      | Found a sparkling altar of Nemelex Xobeh.
  3152 | D:5      | Found a staircase to the Ecumenical Temple.
  3167 | D:5      | Annihilated by an ogre

Illustrated notes

Levels and vault maps discovered:
D:1:      minmay_arrival_doors, layout_basic
D:2:      layout_loops_corners, hellmonk_ecumenical_altar_watching_god
D:3:      layout_loops_ring, okawaru_altar_gauntlet_db,
          mainiacjoe_overflow_cross_hatched, general_overflow_altar, hex_medium,
          uniq_ijyb
D:4:      layout_gridville, nicolae_stop_n_shop_2
D:5:      layout_loops_ring, mainiacjoe_overflow_concentric_impassable,
          mainiacjoe_overflow_alcove_4, minmay_temple_entry_tees, serial_shops,
          shop, kennysheep_mini_moat, nicolae_shop_hallway_stairs,
          chequers_ossuary_entry_cave, grunt_decor_one_mirror

Skill      XL: |  1  2  3  4 |
---------------+-------------+-----
Shields        | 3 |  3.9
Unarmed Combat | 3 4 |  4.9
Fighting       | 3 |  3.5
Dodging        | |  2.4

Action                   |  1- 3 |  4- 6 || total
-------------------------+-------+-------++-------
Melee: Unarmed           |    83 |   128 ||   211
Armor: Robe              |    24 |    22 ||    46
Dodge: Dodged            |    20 |    38 ||    58
Block: Kite shield       |    28 |    37 ||    65
